 Dungeon Crawl Stone Soup version 0.25-a0-420-g1cc7eeb0d1 (webtiles) character file.

Game seed: 9441659188594258785, levelgen mode: deterministic

303 Kohma the Chopper (level 6, -3/51 HPs)
             Began as a Hill Orc Fighter on Jan 18, 2020.
             Killed by divine providence
             ... invoked by an orc priest
              (14 damage)
             ... on level 4 of the Dungeon.
             The game lasted 00:04:11 (2234 turns).

Kohma the Chopper (Hill Orc Fighter)                Turns: 2234, Time: 00:04:11

Health: -3/51      AC:  7    Str: 21    XL:     6   Next: 38%
Magic:  6/6        EV:  7    Int:  8    God:
Gold:   112        SH: 10    Dex: 10    Spells: 5/5 levels left

rFire    . . .     SeeInvis .   a - +0 war axe
rCold    . . .     Gourm    .   c - +0 shield
rNeg     . . .     Faith    .   b - +0 scale mail
rPois    .         Spirit   .   (no helmet)
rElec    .         Reflect  .   (no cloak)
rCorr    .         Harm     .   (no gloves)
MR       .....                  (no boots)
Stlth    ..........             (no amulet)
HPRegen  0.17/turn              (no ring)
MPRegen  0.10/turn              (no ring)

@: no status effects
A: no striking features
a: Convert to Beogh


You were on level 4 of the Dungeon.
You were not hungry.

You visited 1 branch of the dungeon, and saw 4 of its levels.

You collected 112 gold pieces.

Inventory:

Hand Weapons
 a - a +0 war axe (weapon)
Missiles
 n - 7 poisoned darts (quivered)
Armour
 b - a +0 scale mail (worn)
 c - a +0 shield (worn)
Scrolls
 e - 3 scrolls of noise {unknown}
 j - a scroll of remove curse {unknown}
 k - a scroll of teleportation {unknown}
 l - a scroll of amnesia {unknown}
 m - a scroll of blinking {unknown}
 o - a scroll of fear {unknown}
Potions
 d - a potion of might
 g - 2 potions of degeneration {unknown}
 h - a potion of brilliance {unknown}
 i - 5 potions of curing {unknown}
Comestibles
 f - 4 rations
 p - a chunk of flesh


   Skills:
 - Level 3.6 Fighting
 * Level 5.8 Axes
 + Level 4.5 Armour
 * Level 5.4 Shields


You had 5 spell levels left.
You didn't know any spells.
Your spell library was empty.

Dungeon Overview and Level Annotations

Branches:
Dungeon (4/15)
 Temple: D:4-7

Altars:
Trog


Message History

The orc priest hits you with a +0 club.
You barely miss the orc priest. You hit something.
You block something's attack. You block the orc priest's attack.
You barely miss the orc priest. You miss something.
Something hits you but does no damage.
The orc priest looks braver for a moment.
You hear some strange, mumbled words.
A puff of flame appears from out of thin air!
The puff of flame hits you.
* * * LOW HITPOINT WARNING * * *
You closely miss the orc priest. You miss something.
You block the orc priest's attack. Something hits you.
* * * LOW HITPOINT WARNING * * *
You completely miss the orc priest.
The orc priest shouts, "Join the one true god or die!"
You closely miss something.
The orc priest threatens, "By the altar or by the axe, you will meet Beogh!"
The orc priest calls down the wrath of Beogh upon you.
Beogh smites you!
You die...

.. .#
#.#.#.#
#...#.#
#...#.#
#...#.#
#...#.#
#{o...#
#.@..######
#.......).#
#....###.##
... #....#
#.# ...
#.#..# #.#
... #.#..#
#.# #..
#.#..# #.# #
#.# #.#..#
#.######.#.#
.....#
#......#.#.#


You could see an orc priest.

Vanquished Creatures
  2 eyes of draining (D:3)
  Jessica (D:3)
  4 gnolls
  2 adders (D:2)
  2 oozes
  A leopard gecko (D:1)
  3 orcs
  2 bats (D:1)
  6 giant cockroaches
  2 goblins
  2 hobgoblins (D:3)
  5 frilled lizards
  4 kobolds
  3 rats (D:1)
39 creatures vanquished.

Notes
Turn   | Place    | Note
-------+----------+-------------------------------------------
     0 | D:1      | Kohma the Hill Orc Fighter began the quest for the Orb.
     0 | D:1      | Reached XP level 1. HP: 19/19 MP: 1/1
   229 | D:1      | Reached XP level 2. HP: 25/26 MP: 2/2
   356 | D:1      | Reached XP level 3. HP: 31/31 MP: 3/3
  1101 | D:2      | You fall into a shaft and drop 1 floor!
  1124 | D:3      | Found a bloodstained altar of Trog.
  1124 | D:3      | Noticed an eye of draining
  1125 | D:3      | Noticed an eye of draining
  1138 | D:3      | Killed an eye of draining
  1138 | D:3      | Reached XP level 4. HP: 31/39 MP: 0/4
  1138 | D:3      | Reached XP level 5. HP: 36/45 MP: 0/5
  1140 | D:3      | Killed an eye of draining
  1140 | D:3      | Reached skill level 5 in Axes
  1140 | D:3      | Reached skill level 5 in Shields
  1140 | D:3      | Reached XP level 6. HP: 41/51 MP: 0/6
  1360 | D:3      | Noticed Jessica
  1374 | D:3      | Killed Jessica
  2234 | D:4      | Killed from afar by an orc priest

Levels and vault maps discovered:
D:1:      roderic_octagonal_star, layout_basic
D:2:      layout_basic
D:3:      layout_loops_cross, trog_eyes_of_draining, uniq_jessica
D:4:      layout_basic, old_standard_altar, serial_shops, nicolae_shop_stone,
          enter_ossuary_3

Skill      XL: |  1  2  3  4  5 |
---------------+----------------+-----
Axes           | 3 4 5 |  5.8
Shields        | 4 5 |  5.4
Armour         | 4 |  4.5
Fighting       | |  3.6

Action                   |  1- 3 |  4- 6 || total
-------------------------+-------+-------++-------
Melee: War axe           |    59 |    62 ||   121
  Eat: Chunk             |     1 |     3 ||     4
Armor: Scale mail        |    24 |    22 ||    46
Dodge: Dodged            |    12 |    14 ||    26
Block: Shield            |    22 |    29 ||    51

Table legend:
 A = Non-vault XP
 B = Vault XP
 C = Vault XP percentage of total XP
 D = Non-vault monster count
 E = Vault monster count
 F = Vault count percentage of total count
                 A         B        C        D         E       F
            +---------+---------+-------+---------+---------+-------
      Total |     144 |     290 |  66.8 |      34 |       5 |  12.8
            +---------+---------+-------+---------+---------+-------
        D:1 |      44 |       0 |   0.0 |      16 |       0 |   0.0
        D:2 |      28 |       0 |   0.0 |       3 |       0 |   0.0
        D:3 |      64 |     290 |  81.9 |      12 |       5 |  29.4
        D:4 |       8 |       0 |   0.0 |       3 |       0 |   0.0
            +---------+---------+-------+---------+---------+-------
